 Dungeon Crawl Stone Soup version 0.16.1-18-g436b03c (webtiles) character file.

206 misterX the Covert (level 5, 0/26 HPs)
             Began as a Spriggan Assassin on Apr 30, 2015.
             Slain by a gnoll
             ... wielding a +0 club
              (5 damage)
             ... on level 4 of the Dungeon.
             The game lasted 01:24:33 (7462 turns).

misterX the Covert (Spriggan Assassin)              Turns: 7462, Time: 01:24:33

Health: 0/26       AC:  3    Str:  7    XL:     5   Next: 53%
Magic:  10/10      EV: 19    Int: 14    God:
Gold:   180        SH:  0    Dex: 17    Spells: 0 memorised, 4 levels left

rFire  . . .     SeeInvis +     k - +1 dagger (venom)
rCold  . . .     Clarity  .     h - +0 robe
rNeg   . . .     SustAb   .     (shield restricted)
rPois  .         Gourm    .     (helmet restricted)
rElec  .         Spirit   .     m - +0 cloak (curse)
rCorr  .         Warding  .     (gloves unavailable)
rMut   .         Stasis   .     (boots unavailable)
MR     .....                    (no amulet)
Stlth  +++++.....               (no ring)
                                (no ring)

@: very quick, not resistant to hostile enchantments, quite stealthy
A: unfitting armour, see invisible, herbivore 3, speed 3, slow metabolism 2
a: no special abilities


You were on level 4 of the Dungeon.
You were full.

You visited 1 branch of the dungeon, and saw 4 of its levels.

You collected 180 gold pieces.

Inventory:

Hand weapons
 a - a +2 dagger
 b - a +0 blowgun
 d - a +0 dagger
 k - a +1 dagger of venom (weapon)
 n - a +0 dagger
 y - a +0 dagger
 A - a +0 dagger
 E - a +0 short sword
 F - a +0 mace
 G - a +0 mace
Missiles
 e - 21 poisoned needles
 f - 2 curare-tipped needles
 w - 8 stones (quivered)
Armour
 h - a +0 robe (worn)
 m - a cursed +0 cloak (worn)
Magical devices
 D - a wand of frost (33)
Scrolls
 i - a scroll of enchant armour {unknown}
 j - 2 scrolls of remove curse {unknown}
 l - a scroll of enchant weapon {unknown}
 o - 2 scrolls of noise {unknown}
 p - a scroll of amnesia {unknown}
 r - a scroll of teleportation {unknown}
 t - 3 scrolls of identify
 v - a scroll of immolation {unknown}
 H - 3 scrolls of random uselessness {unknown}
Potions
 q - a potion of flight {unknown}
 s - 2 potions of ambrosia {unknown}
 u - a potion of lignification {unknown}
 x - 2 potions of agility {unknown}
 z - 2 potions of curing {unknown}
 B - 2 potions of might {unknown}
 C - a potion of berserk rage {unknown}
Comestibles
 c - 2 fruits
 g - 3 bread rations


   Skills:
 + Level 2.1 Fighting
 + Level 2.9 Short Blades
 + Level 2.9 Throwing
 + Level 4.0 Dodging
 + Level 8.2 Stealth


You had 4 spell levels left.
You didn't know any spells.

Dungeon Overview and Level Annotations

Branches:
Dungeon (4/15)
 Temple: D:4-7

Altars:
Gozag
Makhleb

Shops:
D:4 ?


Innate Abilities, Weirdness & Mutations

You are tiny and cannot use many weapons and most armour.
You have supernaturally acute eyesight.
You are a herbivore.
You cover ground extremely quickly.
You need consume almost no food.


Message History

Wield which item (- for none, * to show all)? (? for menu, Esc to quit)
It begins to drip with poison!
k - a +1 dagger of venom (weapon)
The gnoll shouts!
The ogre hits you with a giant spiked club!!
Ouch! That really hurt!
* * * LOW HITPOINT WARNING * * *
You hit the ogre.
The ogre is moderately wounded.
The gnoll misses you.
You hit the ogre.
The ogre is heavily wounded.
The ogre misses you.
You hit the ogre.
The ogre looks even sicker.
The ogre is heavily wounded.
The gnoll barely misses you.
You hit the ogre.
The ogre looks even sicker.
The ogre is severely wounded.
The ogre misses you. The gnoll hits you with a club.
You die...

.....# #. #....# #. #....#
#. ##+##....# #. #....g...
## #....g#.# ######
#.....#.# #....#
#####....g#.#######....###
...(.((.O@.............'..
....?...........###..†.###
####..##..............#
#.. #...###.###.####
#...........# #.#
#..##...###.# #.# #.
...... ..# #.# ####.#.##..
... #.#. #Z# #.#


You could see an ogre and 3 gnolls.

Vanquished Creatures
  A centaur skeleton (D:3)
  5 adders
  4 gnolls (D:4)
  A giant mite (D:3)
  2 worms
  4 orcs (D:3)
  2 ball pythons (D:1)
  10 bats
  5 giant cockroaches
  10 goblins
  9 hobgoblins
  6 jackals
  2 quokkas (D:3)
  A giant gecko (D:3)
  5 giant newts
  A jackal skeleton (D:4)
  11 kobolds
  7 rats
86 creatures vanquished.

Notes
Turn   | Place    | Note
--------------------------------------------------------------
     0 | D:1      | misterX, the Spriggan Assassin, began the quest for the Orb.
     0 | D:1      | Reached XP level 1. HP: 10/10 MP: 2/2
   141 | D:1      | Reached skill level 6 in Stealth
   665 | D:1      | Reached XP level 2. HP: 13/15 MP: 4/4
  1862 | D:1      | Reached XP level 3. HP: 15/18 MP: 6/6
  1937 | D:1      | Reached skill level 7 in Stealth
  2784 | D:2      | Found an opulent altar of Gozag.
  3235 | D:2      | Found a burning altar of Makhleb.
  4300 | D:3      | Reached XP level 4. HP: 23/23 MP: 8/8
  5587 | D:3      | Reached skill level 8 in Stealth
  5587 | D:3      | Reached XP level 5. HP: 26/26 MP: 10/10
  7291 | D:4      | Found Sircho's Magic Scroll Boutique.
  7448 | D:4      | Noticed an ogre
  7462 | D:4      | Slain by a gnoll

Action                   |  1- 3 |  4- 6 || total
-------------------------+-------+-------++-------
Melee: Dagger            |   124 |    93 ||   217
 Fire: Blowgun           |    22 |    21 ||    43
Throw: Stone             |     1 |       ||     1
  Use: Scroll            |     1 |       ||     1
 Stab: Sleeping          |     9 |     7 ||    16
  Eat: Fruit             |     1 |     1 ||     2
       Bread ration      |       |     1 ||     1
